 Dungeon Crawl Stone Soup version 0.30.1 (webtiles) character file.

Game seed: 4115586160804679238

839 drcrypt the Covered (level 7, -6/62 HPs)
             Began as a Minotaur Fighter on July 2, 2023.
             Was an Initiate of Okawaru.
             Mangled by an ice beast (7 damage)
             ... on level 6 of the Dungeon.
             The game lasted 00:14:59 (3336 turns).

drcrypt the Covered (Minotaur Fighter)              Turns: 3336, Time: 00:14:59

Health: -6/62      AC: 10    Str: 22    XL:     7   Next: 67%
Magic:  6/6        EV:  9    Int:  5    God:    Okawaru [......]
Gold:   182        SH:  5    Dex: 10    Spells: 6/6 levels left

rFire   . . .        p - +3 spear (heavy)
rCold   . . .        c - +0 buckler
rNeg    . . .        q - +0 chain mail
rPois   .            (helmet restricted)
rElec   .            (no cloak)
rCorr   .            (no gloves)
SInv    .            (no boots)
Will    .....        (no amulet) Stlth
                     (no ring)
HPRegen 0.30/turn    (no ring)
MPRegen 0.10/turn

%: no passive effects
@: no status effects
A: horns 2, retaliatory headbutt
a: Renounce Religion


You were on level 6 of the Dungeon.
You worshipped Okawaru.
Okawaru was noncommittal.
You visited 2 branches of the dungeon, and saw 8 of its levels.

You collected 182 gold pieces.

Inventory:

Hand Weapons
 a - a +0 war axe
 p - a +3 heavy spear (weapon)
Armour
 b - a +0 scale mail
 c - a +0 buckler (worn)
 q - a +0 chain mail (worn)
 t - a +0 pair of gloves
Jewellery
 e - a ring of positive energy
 l - an amulet of magic regeneration
Scrolls
 f - 2 scrolls of poison {unknown}
 j - 4 scrolls of teleportation {unknown}
 m - a scroll of amnesia {unknown}
 o - a scroll of vulnerability {unknown}
 s - a scroll of blinking {unknown}
 u - 4 scrolls of identify {unknown}
 v - 3 scrolls of noise {unknown}
 w - a scroll of brand weapon {unknown}
 y - a scroll of enchant weapon {unknown}
 B - a scroll of magic mapping {unknown}
Potions
 d - a potion of might
 g - a potion of degeneration {unknown}
 h - 3 potions of heal wounds {unknown}
 i - a potion of cancellation {unknown}
 k - 5 potions of curing {unknown}
 n - a potion of mutation {unknown}
 r - a potion of haste {unknown}
 x - a potion of brilliance {unknown}
 z - 4 potions of flight {unknown}
 A - a potion of attraction {unknown}


   Skills:
 + Level 5.8 Fighting
 - Level 3.1(4.0) Axes
 + Level 3.8(4.4) Polearms
 + Level 5.9 Armour
 + Level 3.9 Dodging
 + Level 5.9 Shields


You had 6 spell levels left.
You didn't know any spells.
Your spell library contained the following spells:

 Spells                   Type           Power      Damage    Failure   Level
 Beastly Appendage        Tmut           0%         N/A       98%         1
 Stone Arrow              Conj/Erth      0%         3d7       100%        3
 Lehudib's Crystal Spear  Conj/Erth      0%         10d2      100%        8
 Animate Armour           Summ/Erth      Unusable   N/A       N/A         4

Dungeon Overview and Level Annotations

Branches:
Dungeon (7/15)             Temple (1/1) D:5

Altars:
Dithmenos
Elyvilon
Fedhas
Gozag
Makhleb
Okawaru
Sif Muna
Trog
Uskayaw
Vehumet
Xom
Yredelemnul
The Shining One


Innate Abilities, Weirdness & Mutations

You have a pair of horns on your head.
You reflexively headbutt those who attack you in melee.


Message History

You kill the adder!
Okawaru accepts your kill.
You hit the orc warrior but do no damage.
You headbutt the orc warrior!
You kill the orc warrior!
Okawaru accepts your kill.
You barely miss the ice beast.
The ice beast hits you but does no damage.
The ice beast barely misses you.
You puncture the ice beast! Your headbutt misses the ice beast.
The ice beast is heavily wounded.
The ice beast hits you but does no damage.
You closely miss the ice beast. You headbutt the ice beast.
The ice beast is severely wounded.
The ice beast hits you but does no damage.
You block the ice beast's attack.
You hit the ice beast but do no damage.
You headbutt the ice beast, but do no damage.
The ice beast is severely wounded.
The ice beast hits you. The ice beast freezes you!
You are too injured to fight recklessly!
You are too injured to fight recklessly!
You are too injured to fight recklessly!
You are too injured to fight recklessly!
You are too injured to fight recklessly!
You are too injured to fight recklessly!
You hit the ice beast. Your headbutt misses the ice beast.
The ice beast is almost dead.
The ice beast hits you. The ice beast freezes you!
* * * LOW HITPOINT WARNING * * *
The ice beast hits you.
* * * LOW HITPOINT WARNING * * *
The ice beast freezes you.
* * * LOW HITPOINT WARNING * * *
You hit the ice beast but do no damage. Your headbutt misses the ice beast.
The ice beast is almost dead.
The ice beast hits you.
* * * LOW HITPOINT WARNING * * *
The ice beast freezes you!
You die...

#. #.# ...
..# ..# .?..
#.# ..# /.#
#.. ..#
.....# ..#
.#.##.#.##..#
.!...)†.....#
.##.###Y##..#
.......@....#
#.###.####..#
#. ..# . ..#
.. ..# ## ###


You could see an ice beast.

Vanquished Creatures
  An orc warrior (D:6)
  2 black bears
  A scorpion (D:4)
  2 hounds
  3 jellies
  2 sleepcaps (D:5)
  4 iguanas
  9 adders
  3 gnolls (D:4)
  2 shadow imps
  A worm (D:3)
  4 dart slugs
  5 orcs
  8 ball pythons
  5 endoplasms
  3 giant cockroaches
  2 goblins
  7 hobgoblins
  3 quokkas
  5 bats
  2 frilled lizards
  9 kobolds
  7 rats
90 creatures vanquished.

Notes
Turn   | Place    | Note
-------+----------+-------------------------------------------
     0 | D:1      | drcrypt the Minotaur Fighter began the quest for the Orb.
     0 | D:1      | Reached XP level 1. HP: 19/19 MP: 0/0
   173 | D:1      | Reached XP level 2. HP: 27/27 MP: 1/1
   229 | D:1      | Found a faded altar of an unknown god.
   233 | D:1      | Got Plato's Quarto of Changing
   646 | D:2      | Reached XP level 3. HP: 33/33 MP: 2/2
   687 | D:2      | Identified the +8 ring mail "Geuqint" {Stlth+}
   805 | D:2      | Found a blossoming altar of Fedhas.
  1038 | D:3      | Reached skill level 1 in Dodging
  1498 | D:3      | Reached XP level 4. HP: 40/40 MP: 3/3
  1574 | D:3      | Reached skill level 1 in Polearms
  1799 | D:4      | Reached XP level 5. HP: 47/47 MP: 4/4
  2557 | D:4      | Noticed a black bear
  2561 | D:4      | Reached XP level 6. HP: 55/55 MP: 5/5
  2567 | D:4      | Reached skill level 5 in Fighting
  2567 | D:4      | Reached skill level 5 in Armour
  2567 | D:4      | Reached skill level 5 in Shields
  2628 | D:5      | Entered Level 5 of the Dungeon
  2858 | D:5      | Reached XP level 7. HP: 58/61 MP: 6/6
  2917 | D:5      | Found a staircase to the Ecumenical Temple.
  2926 | Temple   | Entered the Ecumenical Temple
  2964 | Temple   | Became a worshipper of Warmaster Okawaru
  3128 | D:5      | Found a basalt altar of Yredelemnul.
  3191 | D:5      | You fall into a shaft and drop 2 floors!
  3258 | D:7      | Found a bloodstained altar of Trog.
  3262 | D:7      | Found a shimmering blue altar of Sif Muna.
  3263 | D:7      | Found a shadowy altar of Dithmenos.
  3305 | D:7      | Noticed a troll
  3336 | D:6      | HP: 1/62 [ice beast (4)]
  3336 | D:6      | Mangled by an ice beast

Illustrated notes

Levels and vault maps discovered:
D:1:      psy_arrival_dodecagon, layout_basic,
          shapermc_ecumenical_altar_rom_forum
D:2:      layout_basic, basic_altar
D:3:      minmay_diamond_boxcup, layout_basic
D:4:      nicolae_cairo_tiling_very_big, layout_layer_cave,
          roderic_roman_lattice, hangedman_decor_opposing
D:5:      layout_gridville, mainiacjoe_overflow_small_starburst,
          lemuel_temple_firewalk_b, nicolae_sextant, uniq_sigmund, uniq_duvessa
D:6:      minmay_inner_zag, layout_basic, lemuel_doored_altar,
          kennysheep_little_box, nemelex_dance_club_becter,
          mainiacjoe_overflow_surrounded_room, serial_shops, shop,
          minmay_diced_spiral
D:7:      layout_basic, mainiacjoe_overflow_six_doors_small,
          grunt_temple_overflow_open, nrook_mini_vaults
Temple:   hellmonk_temple_beads

Skill      XL: |  1  2  3  4  5  6 |
---------------+-------------------+-----
Fighting       | 4 5 |  5.8
Armour         | 4 5 |  5.9
Shields        | 4 5 |  5.9
Axes           | 3 |  3.1
Dodging        | 1 2 3 |  3.9
Polearms       | 1 2 3 |  3.8

Action                     |  1- 3 |  4- 6 |  7- 9 || total
---------------------------+-------+-------+-------++-------
  Melee: War axe           |    73 |       |       ||    73
         Headbutt          |    13 |    17 |    10 ||    40
         Spear             |    10 |    93 |    45 ||   148
 Armour: Scale mail        |    40 |       |       ||    40
         Chain mail        |     3 |    55 |    16 ||    74
  Dodge: Dodged            |    50 |    27 |    15 ||    92
  Block: Buckler           |    22 |    22 |    13 ||    57
